 Dungeon Crawl Stone Soup version 0.19.1 (webtiles) character file.

203 Firecrotchwizard the Shooter (level 5, -1/45 HPs)
             Began as a Centaur Hunter on Nov 27, 2016.
             Killed by nerve-wracking pain
             ... invoked by Grinder
              (7 damage)
             ... while paralysed by Grinder
             ... on level 3 of the Dungeon.
             The game lasted 00:14:51 (3862 turns).

Firecrotchwizard the Shooter (Centaur Hunter)       Turns: 3862, Time: 00:14:52

Health: -1/45      AC:  7    Str: 14    XL:     5   Next: 51%
Magic:  5/5        EV:  1    Int: 10    God:
Gold:   195        SH:  0    Dex: 11    Spells: 0 memorised, 4 levels left

rFire  + . .     SeeInvis .       - Unarmed
rCold  + . .     Gourm    .     j - +0 chain mail
rNeg   . . .     Faith    .     (no shield)
rPois  .         Spirit   .     (no helmet)
rElec  .         Reflect  .     (no cloak)
rCorr  .         Harm     .     (no gloves)
MR     .....                    (no barding)
Stlth  ..........               (no amulet)
                                (no ring)
                                r - ring of protection from fire

@: paralysed, very quick
A: hooves 3, cold resistance 1, deformed body, speed 2, tough skin 3
a: no special abilities


You were on level 3 of the Dungeon.
You were not hungry.

You visited 1 branch of the dungeon, and saw 3 of its levels.

You collected 195 gold pieces.

Inventory:

Hand Weapons
 a - a +1 shortbow
 s - a +0 whip of electrocution
Missiles
 d - 9 arrows
Armour
 c - a +0 leather armour
 j - a +0 chain mail (worn)
Jewellery
 r - a ring of protection from fire (left hand)
Scrolls
 e - 2 scrolls of recharging {unknown}
 g - a scroll of blinking {unknown}
 k - 2 scrolls of magic mapping {unknown}
 l - 2 scrolls of enchant weapon {unknown}
 n - a scroll of remove curse {unknown}
 o - a scroll of immolation {unknown}
 p - 2 scrolls of enchant armour {unknown}
 q - a scroll of random uselessness {unknown}
Potions
 b - a potion of cancellation
 i - a potion of heal wounds
Comestibles
 f - a bread ration
 h - 2 meat rations


   Skills:
 * Level 3.2 Fighting
 * Level 6.4 Bows
 + Level 1.3 Armour
 + Level 2.2 Dodging
 - Level 0.4 Stealth
 + Level 1.9 Unarmed Combat


You had 4 spell levels left.
You didn't know any spells.

Dungeon Overview and Level Annotations

Branches:
Dungeon (3/15)

Altars:
Cheibriados

Annotations:
D:3 Grinder


Innate Abilities, Weirdness & Mutations

You have hooves in place of feet.
Armour fits poorly on your strangely shaped body.
You cover ground very quickly.
You have extremely tough skin. (AC +3)
Your flesh is cold resistant. (rC+)


Message History

You barely resist. Grinder hits you.
You writhe in agony.
You barely miss Grinder. Your kick misses Grinder.
Grinder is heavily wounded.
Grinder gestures at you.
You suddenly lose the ability to move!
Grinder hits you.
You writhe in agony.
* * * LOW HITPOINT WARNING * * *
Grinder hits you.
* * * LOW HITPOINT WARNING * * *
You writhe in agony.
* * * LOW HITPOINT WARNING * * *
Grinder hits you but does no damage. x3
Grinder hits you.
* * * LOW HITPOINT WARNING * * *
You writhe in agony.
* * * LOW HITPOINT WARNING * * *
Grinder gestures at you. Pain shoots through your body!
You die...

#...#.# .... ..#
#.#†#.# ... #.#
..#.#.# #.##.##
......# #?##.(...#
###......#........#
##########.#####..##
.## .........## ..#
###########..5..#
.## #.....# #.@...#
.####.....# #.....#
..........# ##...##
###.#.....# ##.## #
#.#.....##### #.#
###.####......# #.#
...## #.####.# #.#
#### #.####.###.#
#.#..†.....#


You could see Grinder.

Vanquished Creatures
  3 gnolls (D:2)
  10 adders (D:2)
  2 oozes
  A worm (D:3)
  2 dart slugs (D:3)
  4 leopard geckos
  5 orcs
  4 giant cockroaches
  7 goblins
  5 hobgoblins
  4 jackals (D:3)
  8 bats
  2 frilled lizards (D:2)
  3 kobolds
  3 rats
63 creatures vanquished.

Notes
Turn   | Place    | Note
-------+----------+-------------------------------------------
     0 | D:1      | Firecrotchwizard the Centaur Hunter began the quest for the Orb.
     0 | D:1      | Reached XP level 1. HP: 17/17 MP: 1/1
   389 | D:1      | Reached XP level 2. HP: 22/24 MP: 2/2
   429 | D:1      | Found a snail-covered altar of Cheibriados.
   895 | D:2      | Reached skill level 6 in Bows
   895 | D:2      | Reached XP level 3. HP: 29/30 MP: 3/3
  1166 | D:2      | Reached skill level 1 in Unarmed Combat
  1341 | D:2      | Gained mutation: Your flesh is cold resistant. (rC+) [potion of beneficial mutation]
  1659 | D:2      | Reached XP level 4. HP: 21/37 MP: 4/4
  2431 | D:2      | Reached skill level 1 in Armour
  2719 | D:2      | Reached XP level 5. HP: 24/45 MP: 5/5
  3815 | D:3      | Noticed Grinder
  3855 | D:3      | Paralysed by Grinder for 7 turns
  3862 | D:3      | Killed from afar by Grinder

Skill      XL: |  1  2  3  4 |
---------------+-------------+-----
Bows           | 6 |  6.4
Unarmed Combat | 1 |  1.9
Fighting       | 3 |  3.2
Dodging        | 2 |  2.2
Armour         | 1 |  1.3
Stealth        | |  0.4

Action                   |  1- 3 |  4- 6 || total
-------------------------+-------+-------++-------
Melee: Unarmed           |   122 |   214 ||   336
       Kick              |    21 |    54 ||    75
       Punch             |     1 |     1 ||     2
 Fire: Shortbow          |    46 |    55 ||   101
  Use: Potion            |     2 |     1 ||     3
       Scroll            |     2 |       ||     2
  Eat: Royal jelly       |     1 |       ||     1
       Chunk             |       |     6 ||     6
Armor: Leather armour    |    20 |       ||    20
       Chain mail        |   102 |   155 ||   257
Dodge: Dodged            |    56 |    38 ||    94
